 Dungeon Crawl Stone Soup version 0.30-a0-380-g72b080b (webtiles) character file.

Game seed: 6597303040236787586

7463 PublicAnimeNo1 the Slicer (level 10, -3/80 HPs)
             Began as a Demonspawn Cinder Acolyte on Dec 1, 2022.
             Was an Initiate of Ignis.
             Slain by a gargoyle
             ... wielding a +0 flail
              (12 damage)
             ... on level 10 of the Dungeon.
             The game lasted 00:23:53 (11728 turns).

PublicAnimeNo1 the Slicer (DsCA)                   Turns: 11728, Time: 00:23:54

Health: -3/80      AC:  8    Str: 16    XL:     10   Next: 94%
Magic:  11/18      EV: 13    Int: 20    God:    Ignis [......]
Gold:   597        SH: 10    Dex: 15    Spells: 14/19 levels left

rFire   + . .      SeeInvis .    E - +3 falchion of the Past {flame, Fragile rCorr Str+4 Stlth+}
rCold   + . .      Faith    .    (no shield)
rNeg    . . .      Spirit   .    L - +2 leather armour {rPois}
rPois   +          Reflect  .    (no helmet)
rElec   .          Harm     .    t - +0 cloak
rCorr   +          Rampage  .    m - +1 pair of gloves
Will    .....                    (no boots)
Stlth   ++++......               (no amulet)
HPRegen 0.33/turn                k - ring of protection from cold
MPRegen 0.16/turn                (no ring)

@: studying Hexes
A: hooves 2, large bone plates 2, demonic guardian 1, condensation shield, agile
1, clever 1
a: Renounce Religion, Rising Flame


You were on level 10 of the Dungeon.
You worshipped Ignis.
Ignis was noncommittal.
You visited 1 branch of the dungeon, and saw 10 of its levels.
You also visited: Bailey.

You collected 597 gold pieces.

Inventory:

Hand Weapons
 a - a +0 short sword of flaming
 E - the +3 falchion of the Past (weapon) {flame, Fragile rCorr Str+4 Stlth+}
   (You found it on level 8 of the Dungeon)

   It burns those it strikes, dealing additional fire damage.
   Big, fiery blades are also staple armaments of hydra-hunters.
   Str:       It affects your strength (+4).
   rCorr:     It protects you from acid and corrosion.
   Fragile:   It will be destroyed if unequipped.
   Stlth:     It makes you more stealthy.
 H - a +0 dagger of draining
 K - a +4 vampiric rapier
Missiles
 i - 11 silver javelins
 B - 2 curare-tipped darts
Armour
 m - a +1 pair of gloves (worn)
 t - a +0 cloak (worn)
 I - a +0 kite shield
 L - a +2 leather armour of poison resistance (worn)
Jewellery
 k - a ring of protection from cold (left hand)
 u - a ring of ice
 D - a ring of resist corrosion
Wands
 y - a wand of digging (4)
 F - a wand of polymorph (11)
 G - a wand of charming (2)
Scrolls
 b - a scroll of enchant armour
 c - 2 scrolls of magic mapping
 d - 2 scrolls of blinking
 g - 2 scrolls of fear
 h - 3 scrolls of teleportation
 p - a scroll of enchant weapon
 x - a scroll of fog
 A - a scroll of amnesia
Potions
 e - 4 potions of magic
 f - 5 potions of flight
 l - 3 potions of mutation
 o - 5 potions of curing
 q - a potion of heal wounds
 r - 2 potions of brilliance
 s - 2 potions of attraction
 v - 3 potions of might
 w - a potion of resistance
 z - a potion of cancellation


   Skills:
 - Level 8.0 Fighting
 + Level 8.9 Short Blades
 - Level 4.0 Dodging
 + Level 7.5 Stealth
 + Level 5.3 Spellcasting
 + Level 8.3 Hexes
 - Level 2.6 Fire Magic


You had 14 spell levels left.
You knew the following spells:

 Your Spells              Type           Power      Damage    Failure   Level
a - Scorch                Fire           32%        2d6       7%          2
b - Confusing Touch       Hex            38%        N/A       1%          3

Your spell library contained the following spells:

 Spells                   Type           Power      Damage    Failure   Level
 Slow                     Hex            100%       N/A       1%          1
 Foxfire                  Conj/Fire      40%        2x1d6     8%          1
 Summon Small Mammal      Summ           20%        N/A       14%         1
 Call Imp                 Summ           5%         N/A       21%         2
 Ozocubu's Armour         Ice            5%         N/A       38%         3
 Vampiric Draining        Necr           5%         2d6       38%         3
 Metabolic Englaciation   Hex/Ice        11%        N/A       56%         5
 Flame Wave               Conj/Fire      10%        2d6       61%         4
 Summon Ice Beast         Ice/Summ       5%         N/A       80%         4
 Fireball                 Conj/Fire      5%         3d5       91%         5
 Borgnjor's Vile Clutch   Necr/Erth      2%         N/A       98%         5
 Simulacrum               Ice/Necr       2%         N/A       100%        6
 Starburst                Conj/Fire      5%         6d4       100%        6
 Summon Cactus Giant      Summ           2%         N/A       100%        6
 Lehudib's Crystal Spear  Conj/Erth      2%         10d2      100%        8


Dungeon Overview and Level Annotations

Branches:
Dungeon (10/15)            Temple (0/1) D:6          Bailey (visited)
   Lair: D:8-11         Orc: D:9-12

Altars:
Dithmenos
Hepliaklqana
Qazlal
Xom

Shops:
D:7 :

Annotations:
D:4 Sigmund
D:8 exclusion: hornet


Innate Abilities, Weirdness & Mutations

You have hoof-like feet.
You are mostly covered in large bone plates. (SH +6)
A weak demonic guardian rushes to your aid.
A meltable shield of frost defends you. (SH +4)
You are agile. (Dex +4, Str/Int -1)
Your mind is acute. (Int +4, Str/Dex -1)


Message History

You block the gargoyle's attack.
You hit the gargoyle but do no damage.
You kick the gargoyle, but do no damage.
Your ufetubus hits the gargoyle but does no damage.
Your ufetubus barely misses the gargoyle.
The gargoyle hits you with a +0 flail!
* * * LOW HITPOINT WARNING * * *
Your ufetubus hits the gargoyle.
Your ufetubus hits the gargoyle but does no damage.
You hit the gargoyle but do no damage.
The gargoyle is lightly damaged.
Your ufetubus hits the gargoyle but does no damage.
Your ufetubus closely misses the gargoyle.
The gargoyle hurls a stone arrow at you.
The stone arrow misses you.
You hit the gargoyle but do no damage.
You kick the gargoyle, but do no damage.
The gargoyle is lightly damaged.
Your ufetubus hits the gargoyle but does no damage. x2
The gargoyle hits you with a +0 flail!
* * * LOW HITPOINT WARNING * * *
A demonic guardian appears!
Your ufetubus hits the gargoyle but does no damage. x2
You hit the gargoyle. You burn the gargoyle.
The gargoyle is moderately damaged.
Your ufetubus hits the gargoyle but does no damage. x2
The gargoyle closely misses you.
You feel much better.
Your ufetubus hits the gargoyle but does no damage. x2
The gargoyle hurls a stone arrow at you.
The stone arrow hits you!
* * * LOW HITPOINT WARNING * * *
Your ufetubus hits the gargoyle but does no damage. x3
Your ufetubus barely misses the gargoyle.
Okay, then.
You hit the gargoyle but do no damage. Your kick misses the gargoyle.
The gargoyle is moderately damaged.
Your ufetubus hits the gargoyle but does no damage. x2
The gargoyle hits you with a +0 flail!
You die...

#.### .#. #.# #.# #.#
#.# #.# #.# #.# ###.#
#.### ##.#.# #.#.##
####..9.#########....###
+....55@................
####....#####.........##
##...# #.###.#.#.# #.###
#.# #.###.# #. #.#
#.###.# #. #.###..##.##
# #..........#
#..###.##..#
#..###.##..#


You could see a gargoyle (ally target) and 2 friendly ufetubi.

Vanquished Creatures
  2 two-headed ogres
  An orc knight (Bailey)
  Pikel (D:6)
  Maggie (D:7)
  4 yaks (D:9)
  A wyvern (D:9)
  A fire bat (D:8)
  Menkaure (D:7)
  4 water moccasins
  A black bear (D:7)
  2 ice beasts (D:6)
  6 orc warriors
  A sky beast (D:6)
  An ogre (D:6)
  3 centaurs
  A lemure (D:6)
  3 kobold brigands
  3 bullfrogs
  3 scorpions
  A gnoll sergeant (D:9)
  8 killer bees
  3 howler monkeys (D:9)
  4 electric eels (D:9)
  4 hounds
  A jelly (D:8)
  3 orc priests
  Terence (D:2)
  6 iguanas
  5 orc wizards
  10 gnolls
  4 adders
  An ufetubus (D:7)
  A worm (D:5)
  2 dart slugs
  21 orcs
  7 bats
  5 endoplasms
  A giant cockroach (D:2)
  12 goblins
  6 hobgoblins
  3 jackals (D:3)
  4 quokkas
  6 ball pythons
  9 frilled lizards
  32 kobolds
  6 rats
206 creatures vanquished.

Vanquished Creatures (collateral kills)
  Joseph (D:7)
  An ice beast (D:6)
  An iguana (D:6)
  2 gnolls (D:9)
  An orc (D:6)
6 creatures vanquished.

Vanquished Creatures (others)
  42 foxfires
  9 fungi
51 creatures vanquished.

Grand Total: 263 creatures vanquished

Notes
Turn   | Place    | Note
-------+----------+-------------------------------------------
     0 | D:1      | PublicAnimeNo1 the Demonspawn Cinder Acolyte began the
                  | quest for the Orb.
     0 | D:1      | Reached XP level 1. HP: 18/18 MP: 2/2
    16 | D:1      | Got the Discourse on the Throng and Excavation
   550 | D:1      | Gained mutation: You are partially covered in large bone
                  | plates. (SH +4) [demonic ancestry]
   550 | D:1      | Reached XP level 2. HP: 18/24 MP: 3/3
   559 | D:1      | Learned a level 2 spell: Scorch
   652 | D:1      | Found a faded altar of an unknown god.
   816 | D:1      | Reached skill level 1 in Stealth
  1719 | D:2      | Gained mutation: You are mostly covered in large bone
                  | plates. (SH +6) [demonic ancestry]
  1719 | D:2      | Reached XP level 3. HP: 27/29 MP: 1/4
  1929 | D:2      | Noticed Terence
  1954 | D:2      | Killed Terence
  2312 | D:2      | Gained mutation: You have large cloven feet. [demonic
                  | ancestry]
  2312 | D:2      | Reached XP level 4. HP: 36/37 MP: 2/5
  3343 | D:4      | Reached XP level 5. HP: 40/42 MP: 3/6
  3945 | D:4      | Noticed Sigmund
  4017 | D:4      | Gained mutation: A weak demonic guardian rushes to your
                  | aid. [demonic ancestry]
  4017 | D:4      | Reached XP level 6. HP: 48/49 MP: 0/7
  4221 | D:4      | Noticed an orc warrior
  4388 | D:5      | Entered Level 5 of the Dungeon
  4412 | D:5      | Found a shimmering altar of Xom.
  4466 | D:5      | Found a shimmering altar of Xom.
  4466 | D:5      | Found a shimmering altar of Xom.
  4897 | D:5      | Reached skill level 5 in Fighting
  5231 | D:6      | Gained mutation: A meltable shield of frost defends you.
                  | (SH +4) [demonic ancestry]
  5231 | D:6      | Reached XP level 7. HP: 30/56 MP: 8/8
  5348 | D:6      | Reached skill level 5 in Short Blades
  5381 | D:6      | Reached skill level 5 in Stealth
  5531 | D:6      | Noticed Pikel
  5655 | D:6      | Gained mutation: You have hoof-like feet. [demonic
                  | ancestry]
  5655 | D:6      | Reached XP level 8. HP: 51/64 MP: 1/9
  5669 | D:6      | Reached skill level 1 in Dodging
  5901 | D:6      | Found a staircase to the Ecumenical Temple.
  6062 | D:6      | Killed Pikel
  6693 | D:7      | Reached XP level 9. HP: 69/72 MP: 7/10
  6816 | D:7      | Found a shadowy altar of Dithmenos.
  6818 | D:7      | Found a stormy altar of Qazlal.
  6822 | D:7      | Found a hazy altar of Hepliaklqana.
  7048 | D:7      | Learned a level 3 spell: Confusing Touch
  7120 | D:7      | Found Ketax's Book Emporium.
  7193 | D:7      | Reached skill level 1 in Hexes
  7193 | D:7      | Noticed Joseph
  7218 | D:7      | Killed Joseph
  7552 | D:7      | Noticed Maggie
  7577 | D:7      | Killed Maggie
  7844 | D:7      | Noticed Menkaure
  7851 | D:7      | Killed Menkaure
  8455 | D:8      | Noticed a two-headed ogre
  8479 | D:8      | Killed a two-headed ogre
  8480 | D:8      | Reached skill level 5 in Hexes
  8480 | D:8      | Reached XP level 10. HP: 48/80 MP: 13/15
  8797 | D:8      | Identified the +3 falchion of the Past {flame, Fragile
                  | rCorr Str+4 Stlth+}
  9463 | D:9      | Found a flagged portal.
  9480 | Bailey   | Entered a bailey
  9494 | Bailey   | Noticed an orc knight
  9515 | Bailey   | Killed an orc knight
 10747 | D:9      | Reached skill level 5 in Spellcasting
 11102 | D:9      | Gained mutation: Your mind is acute. (Int +4, Str/Dex -1)
                  | [potion of mutation]
 11102 | D:9      | Gained mutation: You are agile. (Dex +4, Str/Int -1)
                  | [potion of mutation]
 11150 | D:10     | Entered Level 10 of the Dungeon
 11163 | D:10     | Noticed a two-headed ogre
 11184 | D:10     | Killed a two-headed ogre
 11684 | D:10     | Noticed a gargoyle
 11725 | D:10     | HP: 1/80 [gargoyle/+0 flail (17)]
 11728 | D:10     | Slain by a gargoyle

Illustrated notes

Levels and vault maps discovered:
D:1:      erik_arrival_triangle_small, layout_basic,
          shapermc_ecumenical_altar_gd
D:2:      layout_loops_corners, grunt_ministairs_6, minmay_misc_feat_hallway,
          minmay_misc_feat_columns, item_on_display_a, uniq_terence
D:3:      layout_loops_cross
D:4:      layout_basic, pf_guarded_unrand_delatra, uniq_sigmund
D:5:      minmay_spotlight, layout_gridville, xom_redecorated
D:6:      layout_rooms, minmay_temple_entry_glass, dreamdust_gnoll_farm,
          uniq_pikel
D:7:      layout_basic, gammafunk_temple_overflow_forgotten, serial_shops,
          nicolae_diamond_shop, small_statue_intersection, uniq_maggie,
          uniq_joseph, uniq_menkaure
D:8:      layout_cave_pods, general_overflow_altar, hangedman_incinerator
D:9:      wad_lake_hut, layout_loops_ring, enter_bailey_4
D:10:     layout_loops_corners, nemelex_diamond_rough_becter, hive_lemuel

Skill      XL: |  1  2  3  4  5  6  7  8  9 10 |
---------------+-------------------------------+-----
Short Blades   | 3 4 5 6 7 8 |  8.9
Stealth        | 1 2 3 4 5 6 7 |  7.5
Fighting       | 4 5 6 7 8 |  8.0
Dodging        | 3 4 |  4.0
Hexes          | 5 8 |  8.3
Spellcasting   | 3 5 |  5.3
Fire Magic     | |  2.6

Action                   |  1- 3 |  4- 6 |  7- 9 | 10-12 || total
-------------------------+-------+-------+-------+-------++-------
Melee: Short sword       |   136 |   136 |   266 |    52 ||   590
       Punch             |     1 |     3 |     1 |     5 ||    10
       Kick              |       |    35 |    93 |    61 ||   189
       Falchion          |       |       |       |   192 ||   192
 Cast: Scorch            |    17 |    26 |    57 |    37 ||   137
       Confusing Touch   |       |       |       |     6 ||     6
Invok: Foxfire Swarm     |     1 |     2 |     1 |       ||     4
       Fiery Armour      |     1 |     2 |     4 |       ||     7
Evoke: Wand              |       |       |       |     3 ||     3
  Use: Scroll            |       |    13 |     1 |     3 ||    17
       Potion            |       |     1 |     2 |     6 ||     9
 Stab: Sleeping          |     2 |     3 |     4 |     2 ||    11
       Distracted        |       |       |     2 |       ||     2
       Confused          |       |       |       |     2 ||     2
Armor: Robe              |    28 |    21 |    32 |       ||    81
       Leather armour    |       |       |    11 |    58 ||    69
Dodge: Dodged            |    63 |    62 |   105 |   106 ||   336
Block: Other             |    17 |    32 |    94 |   124 ||   267

Table legend: (Time is in decaauts)
 A = Elapsed time spent in this place.
 B = Non-inter-level travel time spent in this place.
 C = Inter-level travel time spent in this place.
 D = Time resting spent in this place.
 E = Time spent auto-exploring this place.
 F = Levels seen in this place.
 G = Mean time per level.
                   A        B        C        D        E       F      G
               +--------+--------+--------+--------+--------+-----+--------+
         Total |  11603 |  11330 |    273 |   2170 |   6995 |  11 | 1054.8 |
       Dungeon |  10941 |  10668 |    273 |   1924 |   6846 |  10 | 1094.1 |
        Bailey |    662 |    662 |      0 |    246 |    149 |   1 |  662.0 |
               +--------+--------+--------+--------+--------+-----+--------+

Top non-repeatable levels by time:
     D:7: 1542 daAuts
     D:9: 1499 daAuts
     D:1: 1335 daAuts
     D:6: 1330 daAuts
     D:2: 1192 daAuts
     D:4: 1030 daAuts
     D:8: 849 daAuts
     D:3: 792 daAuts
     D:5: 791 daAuts
  Bailey: 662 daAuts
    D:10: 578 daAuts
